 Dungeon Crawl Stone Soup version 0.27-a0-760-gc38aae387d (webtiles) character file.

Game seed: 1383168030479961376

28 Lanoc the Caller (level 3, -1/19 HPs)
             Began as a Kobold Summoner on Mar 26, 2021.
             Slain by a goblin
             ... wielding a +0 club
             ... led by Robin
              (4 damage)
             ... on level 2 of the Dungeon.
             The game lasted 00:02:03 (2265 turns).

Lanoc the Caller (Kobold Summoner)                  Turns: 2265, Time: 00:02:04

Health: -1/19      AC:  3    Str:  5    XL:     3   Next: 27%
Magic:  6/6        EV: 15    Int: 17    God:
Gold:   127        SH:  0    Dex: 15    Spells: 3/6 levels left

rFire    . . .     SeeInvis .   e - +2 dagger (venom)
rCold    . . .     Faith    .   (shield restricted)
rNeg     . . .     Spirit   .   a - +0 robe
rPois    .         Reflect  .   (no helmet)
rElec    .         Harm     .   (no cloak)
rCorr    .         Rampage  .   (no gloves)
Will     .....                  b - +0 pair of boots
Stlth    +++.......             (no amulet)
HPRegen  0.06/turn              (no ring)
MPRegen  0.10/turn              (no ring)

@: no status effects
A: small, no large weapons, nightstalker 3
a: no special abilities


You were on level 2 of the Dungeon.
You visited 1 branch of the dungeon, and saw 2 of its levels.

You collected 127 gold pieces.

Inventory:

Hand Weapons
 e - a +2 dagger of venom (weapon)
Armour
 a - a +0 robe (worn)
 b - a +0 pair of boots (worn)
Scrolls
 c - 3 scrolls of identify {unknown}
 g - a scroll of silence {unknown}
 j - a scroll of holy word {unknown}
Potions
 d - a potion of might {unknown}
 f - a potion of heal wounds {unknown}
 h - a potion of flight {unknown}
 i - 2 potions of resistance {unknown}


   Skills:
 + Level 3.1 Dodging
 - Level 2.6 Stealth
 - Level 2.1 Spellcasting
 * Level 4.6 Summonings


You had 3 spell levels left.
You knew the following spells:

 Your Spells              Type           Power      Damage    Failure   Level
a - Summon Small Mammal   Summ           68%        N/A       2%          1
b - Call Imp              Summ           17%        N/A       4%          2

Your spell library contained the following spells:

 Spells                   Type           Power      Damage    Failure   Level
 Call Canine Familiar     Summ           17%        N/A       9%          3
 Corona                   Hex            1%         N/A       19%         1
 Magic Dart               Conj           4%         1d3       19%         1
 Summon Guardian Golem    Hex/Summ       9%         N/A       22%         3
 Blink                    Tloc           N/A        N/A       28%         2
 Ensorcelled Hibernation  Hex/Ice        2%         N/A       28%         2
 Slow                     Hex            1%         N/A       28%         2
 Confusing Touch          Hex            1%         N/A       50%         3
 Conjure Flame            Conj/Fire      1%         6-21      50%         3
 Dazzling Flash           Conj/Hex       2%         N/A       50%         3
 Mephitic Cloud           Conj/Pois/Air  1%         N/A       50%         3
 Tukima's Dance           Hex            1%         N/A       50%         3
 Summon Ice Beast         Ice/Summ       9%         N/A       58%         4
 Summon Lightning Spire   Summ/Air       9%         N/A       58%         4


Dungeon Overview and Level Annotations

Branches:
Dungeon (2/15)

Altars:

Annotations:
D:2 Robin


Innate Abilities, Weirdness & Mutations

You are small and have problems with some larger weapons.
You are completely attuned to the shadows.


Message History

The hobgoblin shouts!
You hear a shout! x5; You hear an angry hiss.
A hobgoblin comes into view.
You hear a shout!
You barely miss the hobgoblin. The hobgoblin misses you.
You hit the hobgoblin.
The hobgoblin is poisoned.
The hobgoblin is heavily wounded.
The hobgoblin barely misses you.
You closely miss the hobgoblin.
The hobgoblin is severely wounded.
The hobgoblin barely misses you.
You hit the hobgoblin but do no damage.
The hobgoblin is severely wounded.
The hobgoblin barely misses you.
You hit the hobgoblin.
You kill the hobgoblin!
A hobgoblin comes into view.
An adder comes into view. 2 goblins, a hobgoblin and Robin come into view.
The adder closely misses you.
Robin roars a battlecry!
The goblins go into a battle-frenzy!
The adder barely misses you.
A hobgoblin comes into view.
You hear a shout! x2; The hobgoblin shouts! x2
You miss the adder.
You hear a shout!
The hobgoblin shouts!
The adder misses you.
You miss the adder.
A bat comes into view.
The adder barely misses you. The hobgoblin hits you!
Robin throws the goblin at you!
The bat moves out of view.
You closely miss the adder. The adder closely misses you.
A hobgoblin comes into view.
The goblin hits you with a +0 club.
A hobgoblin comes into view.
The adder bites you. The hobgoblin hits you.
* * * LOW HITPOINT WARNING * * *
Robin hits you but does no damage.
You barely miss the goblin. The goblin hits you with a +0 club.
You die...

#### ..gg######
..gS@g...############
.gg#####.............
.g #############. g
###### ########.....
#.....#..####
#.....#.###
#.........#
#.........#


You could see Robin, an adder, 5 hobgoblins and 2 goblins.

Vanquished Creatures
  A dart slug (D:1)
  A goblin (D:2)
  A hobgoblin (D:2)
  4 quokkas
  2 ball pythons (D:1)
  2 bats (D:2)
  A frilled lizard (D:1)
  2 kobolds
  3 rats
17 creatures vanquished.

Vanquished Creatures (collateral kills)
  A worm (D:2)
  A ball python (D:1)
  2 endoplasms (D:1)
  3 goblins (D:1)
  A hobgoblin (D:2)
  2 jackals (D:2)
  A frilled lizard (D:2)
  A rat (D:1)
12 creatures vanquished.

Grand Total: 29 creatures vanquished

Notes
Turn   | Place    | Note
-------+----------+-------------------------------------------
     0 | D:1      | Lanoc the Kobold Summoner began the quest for the Orb.
     0 | D:1      | Reached XP level 1. HP: 10/10 MP: 3/3
   712 | D:1      | Reached XP level 2. HP: 6/15 MP: 1/5
   715 | D:1      | Learned a level 2 spell: Call Imp
  1991 | D:2      | Reached XP level 3. HP: 13/19 MP: 3/6
  2261 | D:2      | Noticed Robin
  2265 | D:2      | Slain by a goblin

Illustrated notes

Levels and vault maps discovered:
D:1:      dpeg_arrival_simpleton_c, layout_loops_corners, minmay_tetromino_o4
D:2:      layout_rooms, nicolae_sif_muna_little_library, uniq_robin

Skill      XL: |  1  2 |
---------------+-------+-----
Dodging        | 3 |  3.1
Stealth        | |  2.6
Spellcasting   | |  2.1
Summonings     | |  4.6

Action                   || total
-------------------------++-------
Melee: Unarmed           ||    12
       Dagger            ||    66
 Cast: Summon Small Mamm ||    13
       Call Imp          ||     8
 Stab: Sleeping          ||     3
Armor: Robe              ||    13
Dodge: Dodged            ||    64

Table legend: (Time is in decaauts)
 A = Elapsed time spent in this place.
 B = Non-inter-level travel time spent in this place.
 C = Inter-level travel time spent in this place.
 D = Time resting spent in this place.
 E = Time spent auto-exploring this place.
 F = Levels seen in this place.
 G = Mean time per level.
                   A        B        C        D        E       F      G
               +--------+--------+--------+--------+--------+-----+--------+
         Total |   2263 |   2244 |     19 |      0 |   2033 |   2 | 1131.5 |
       Dungeon |   2263 |   2244 |     19 |      0 |   2033 |   2 | 1131.5 |
               +--------+--------+--------+--------+--------+-----+--------+

Top non-repeatable levels by time:
     D:1: 1935 daAuts
     D:2: 328 daAuts
